 Dungeon Crawl Stone Soup version 0.19.1-1-g22dce08 (console) character file.

60 Grinner the Slasher (level 3, -1/31 HPs)
             Began as a Minotaur Monk on Jan 18, 2017.
             Killed from afar by an orc wizard (4 damage)
             ... with a magic dart
             ... on level 3 of the Dungeon.
             The game lasted 00:03:15 (1456 turns).

Grinner the Slasher (Minotaur Monk)                 Turns: 1456, Time: 00:03:16

Health: -1/31      AC:  2    Str: 13 (15) XL:     3   Next: 82%
Magic:  0/2        EV: 13    Int:  5 (7)  God:
Gold:   64         SH:  0    Dex: 12 (13) Spells: 1 memorised, 2 levels left

rFire  . . .     SeeInvis .     a - +0 falchion
rCold  . . .     Gourm    .     b - +0 robe
rNeg   . . .     Faith    .     (no shield)
rPois  .         Spirit   +     (helmet restricted)
rElec  .         Reflect  .     (no cloak)
rCorr  .         Harm     .     (no gloves)
MR     .....                    (no boots)
Stlth  ++........               u - amulet of guardian spirit
                                (no ring)
                                (no ring)

@: no status effects
A: retaliatory headbutt, horns 2
a: no special abilities


You were on level 3 of the Dungeon.
You were hungry.

You visited 1 branch of the dungeon, and saw 3 of its levels.

You collected 64 gold pieces.

Inventory:

Hand Weapons
 a - a +0 falchion (weapon)
Armour
 b - a +0 robe (worn)
Jewellery
 u - an amulet of guardian spirit (around neck)
Scrolls
 q - a scroll of remove curse
Potions
 d - a potion of agility
 g - a potion of flight
 h - 2 potions of might
 i - 2 potions of invisibility
 m - a potion of degeneration
Books
 l - a book of Misfortune

   Spells                             Type                      Level
   a - Confusing Touch                Hexes                        1
   b - Confuse                        Hexes                        3
   c - Gell's Gravitas                Hexes/Translocation          3
   d - Petrify                        Transmutation/Earth          4
   e - Metabolic Englaciation         Hexes/Ice                    5
   f - Yara's Violent Unravelling     Hexes/Transmutation          5
Comestibles
 c - 4 bread rations
 f - a royal jelly
 n - a slice of pizza


   Skills:
 - Level 3.6 Fighting
 + Level 4.7 Long Blades
 * Level 4.0 Dodging
 - Level 1.5 Stealth
 + Level 0.6 Spellcasting
 + Level 0.4 Hexes


You had 2 spell levels left.
You knew the following spells:

 Your Spells              Type           Power        Failure   Level  Hunger
z - Confusing Touch       Hex            #.....       43%         1    ##.....


Dungeon Overview and Level Annotations

Branches:
Dungeon (3/15)

Altars:


Innate Abilities, Weirdness & Mutations

You reflexively headbutt those who attack you in melee.
You have a pair of horns on your head.


Message History

The orc wizard hits you with a dagger.
The orc wizard points at you and mumbles some strange words.
The magic dart hits you!
* * * LOW HITPOINT WARNING * * *
You closely miss the orc wizard. You headbutt the orc wizard!
The orc wizard is heavily wounded.
The orc wizard hits you with a dagger.
* * * LOW HITPOINT WARNING * * *
The orc barely misses you.
You closely miss the orc wizard. Your headbutt misses the orc wizard.
The orc wizard is heavily wounded.
The orc wizard hits you with a dagger.
* * * LOW HITPOINT WARNING * * *
The orc barely misses you. The orc wizard misses you. You furiously retaliate!
You headbutt the orc wizard. You hit the orc wizard.
The orc wizard is almost dead.
The orc wizard points at you and mumbles some strange words.
The magic dart hits you!
You die...

#####.................# )..####
#.....................# .....
#.##..###......####....#...#>..
#.#####.#...#..# ####...... ..
#.......#...#..#######.####.# .
#.#####.#####........... .. #.#
###...............
#.###.#.#####.....## #.......#
#.o@#..# #####.#.#.....#o# #
########..#))....#
............. #..........#..
#..........# #..........#
#......?.!.# #.......(..#


You could see an orc wizard and an orc.

Vanquished Creatures
  An adder (D:3)
  A worm (D:3)
  A dart slug (D:1)
  2 leopard geckos (D:2)
  2 orcs (D:3)
  A ball python (D:1)
  4 goblins
  6 jackals (D:2)
  5 kobolds
  A quokka (D:2)
  7 bats
  6 frilled lizards
  5 rats
42 creatures vanquished.

Notes
Turn   | Place    | Note
-------+----------+-------------------------------------------
     0 | D:1      | Grinner the Minotaur Monk began the quest for the Orb.
     0 | D:1      | Reached XP level 1. HP: 19/19 MP: 0/0
   259 | D:1      | Reached XP level 2. HP: 26/26 MP: 1/1
   497 | D:2      | Learned a level 1 spell: Confusing Touch
   885 | D:2      | Reached XP level 3. HP: 15/31 MP: 2/2
  1456 | D:3      | Killed from afar by an orc wizard

Skill      XL: |  1  2  3 |
---------------+----------+-----
Long Blades    | 4 |  4.7
Dodging        | 4 |  4.0
Fighting       | |  3.6
Stealth        | |  1.5
Spellcasting   | |  0.6
Hexes          | |  0.4

Action                   || total
-------------------------++-------
Melee: Falchion          ||    77
       Headbutt          ||    16
  Use: Potion            ||     9
       Scroll            ||     5
 Stab: Sleeping          ||     5
  Eat: Chunk             ||     1
Armor: Robe              ||    19
Dodge: Dodged            ||    60
       Rpst.: Falchion   ||    14
